Map: Ultralove

Players

iPlayDefense - Winner!

  • Race: Terran Terran
  • Spawn Location: 1:00

VOD

Have the link to the VOD?

Description

Time

  • Played on: April 12, 2025, 12:31 p.m.
  • Length: 14:38
Show
View Real Time Build Order
Export as new Build Order

iPlayDefense Terran - Winner!

Build Orders:  

Get SALT Encoding   

  12  0:01  SCV  
  13  0:18  SCV  
  14  0:26  Supply Depot  
  14  0:36  SCV  
  15  0:53  Refinery  
  15  0:57  SCV  
  16  1:13  SCV  
  16  1:17  Barracks  
  17  1:30  SCV  
  18  1:47  SCV, Refinery  
  19  2:04  SCV  
  20  2:21  SCV  
  20  2:23  Barracks Reactor  
  21  2:31  Supply Depot  
  21  2:46  SCV  
  22  2:56  Command Center  
  22  3:09  Factory  
  22  3:16  Orbital Command  
  22  3:42  Marine x2  
  24  4:02  SCV  
  24  4:07  Marine x2  
  27  4:10  Supply Depot  
  27  4:17  Factory Tech Lab  
  27  4:18  SCV  
  28  4:32  Marine  
  28  4:35  SCV  
  28  4:36  Starport  
  30  4:46  SCV  
  31  4:56  Supply Depot  
  31  5:03  SCV  
  31  5:08  SCV  
  33  5:20  SCV  
  33  5:25  SCV, Barracks  
  35  5:37  SCV  
  36  5:41  Starport Reactor  
  36  5:42  SCV  
  36  5:43  Barracks  
  37  5:51  Supply Depot  
  37  5:58  SCV x2  
  39  6:10  Siege Tank  
  39  6:15  SCV x2  
  44  6:22  Engineering Bay  
  44  6:32  SCV x2  
  46  6:49  SCV  
  47  6:51  Command Center  
  47  7:07  Factory Tech Lab  
  47  7:18  SCV  
  47  7:19  SCV  
  49  7:30  Starport Reactor  
  49  7:34  Armory  
  49  7:35  SCV  
  49  7:38  Supply Depot  
  50  7:44  Marine  
  50  7:45  Marine x4  
  55  8:07  Refinery  
  55  8:08  SCV x2  
  55  8:09  Marine  
  58  8:10  Marine x4  
  58  8:17  Siege Tank  
  68  8:34  Orbital Command, Marine  
  68  8:35  Marine x2  
  68  8:37  Orbital Command  
  71  8:45  SCV  
  72  8:54  Supply Depot  
  72  8:57  Unknown  
  72  9:02  Siege Tank  
  72  9:05  Supply Depot  
  72  9:06  Terran Vehicle Weapons Level 1  
  75  9:22  Missile Turret  
  75  9:23  Unknown  
  75  9:25  Orbital Command  
  75  9:34  SCV  
  75  9:35  SCV  
  77  9:47  Siege Tank  
  80  9:51  SCV  
  80  9:52  SCV  
  80  9:57  Medivac x2  
  86  10:08  SCV  
  86  10:09  SCV  
  87  10:17  Stimpack  
  87  10:23  Missile Turret  
  87  10:25  SCV  
  87  10:26  SCV  
  89  10:30  SCV  
  90  10:42  SCV  
  90  10:43  SCV  
  90  10:47  SCV, Marine  
  90  10:48  Marine x4  
  98  10:54  Terran Infantry Weapons Level 1  
  98  11:02  Supply Depot  
  98  11:03  Supply Depot  
  98  11:04  SCV  
  98  11:07  Siege Tank  
  102  11:12  Marine  
  102  11:13  Marine x4  
  107  11:21  SCV  
  108  11:37  Marine x3  
  108  11:38  SCV, Marine x2  
  114  11:40  Siege Tank  
  114  11:41  Siege Tank  
  114  11:46  Terran Vehicle And Ship Armor Level 1  
  114  11:51  Supply Depot  
  114  11:52  Siege Tank  
  114  11:55  Supply Depot, SCV  
  118  12:02  Marine x4  
  122  12:13  Missile Turret  
  122  12:40  Missile Turret  
  122  12:55  Supply Depot  
  122  12:58  Supply Depot  
  119  13:01  Marine  
  119  13:02  Marine x2  
  119  13:04  Thor  
  119  13:07  Medivac  
  119  13:08  Missile Turret, Medivac  
  134  13:26  Marine  
  134  13:27  Marine x2  
  134  13:28  Supply Depot  
  134  13:29  Unknown  
  137  13:30  Supply Depot  
  137  13:32  Marine x2  
  137  13:51  Marine x2  
  137  13:52  Marine  
  137  13:57  Unknown, Marine x2  
  142  14:02  Supply Depot  
  142  14:04  Unknown  
Tags
 
Matchup
Co-op
Replay Pack
DaveSC2
Add a new tag
Caveats
  • Supply blocks, unpowered buildings, or Contaminate may cause inaccurate times.
  • Supply counts are checked every 10 seconds.